 Dungeon Crawl Stone Soup version 0.29-a0-319-gad05b8d819 (webtiles) character file.

Game seed: 6038779622877469599

34 Patoropollo the Shield-Bearer (level 3, 34/34 HPs)
             Began as a Mayflytaur Fighter on Apr 2, 2022.
             Tarried too long and was consumed by Zot
             ... on level 1 of the Dungeon.
             The game lasted 00:02:05 (566 turns).

Patoropollo the Shield-Bearer (Mayflytaur Fighter)   Turns: 566, Time: 00:02:06

Health: 34/34      AC:  6    Str: 19    XL:     3   Next: 31%
Magic:  4/4        EV:  9    Int: 10    God:
Gold:   23         SH:  5    Dex: 13    Spells: 2/2 levels left

rFire   . . .      SeeInvis .   a - +0 flail
rCold   . . .      Faith    .   c - +0 buckler
rNeg    . . .      Spirit   .   b - +0 scale mail
rPois   .          Reflect  .   (no helmet)
rElec   .          Harm     .   (no cloak)
rCorr   .          Rampage  .   (no gloves)
Will    .....                   (no boots)
Stlth   ..........              (no amulet)
HPRegen 0.11/turn               (no ring)
MPRegen 0.09/turn               (no ring)

@: flying, bezotted
A: damage resistance, big wings, sense surroundings 1, short lifespan
a: no special abilities


You were on level 1 of the Dungeon.
You visited 1 branch of the dungeon, and saw 1 of its levels.

You collected 23 gold pieces.

Inventory:

Hand Weapons
 a - a +0 flail (weapon)
Armour
 b - a +0 scale mail (worn)
 c - a +0 buckler (worn)
Scrolls
 f - a scroll of identify {unknown}
 g - a scroll of immolation {unknown}
Potions
 d - a potion of might
 e - a potion of attraction {unknown}


   Skills:
 + Level 3.6 Fighting
 + Level 3.2 Maces & Flails
 + Level 3.6 Armour
 + Level 1.0 Dodging
 + Level 3.6 Shields


You had 2 spell levels left.
You didn't know any spells.
Your spell library was empty.

Dungeon Overview and Level Annotations

Branches:
Dungeon (1/15)

Altars:

Shops:
D:1 [


Innate Abilities, Weirdness & Mutations

You are resistant to damage.
Your large and strong wings let you fly.
You passively map a small area around you.
You are easily found by Zot.


Message History

You barely miss the giant cockroach. The bat hits you but does no damage.
The giant cockroach closely misses you. The bat hits you but does no damage.
You thump the giant cockroach!
You kill the giant cockroach!
You block the bat's attack. The bat barely misses you.
You closely miss the bat. The bat hits you but does no damage.
You barely miss the bat. The bat hits you but does no damage. x2
The bat hits you but does no damage.
You see here a giant cockroach corpse.
The bat hits you but does no damage. The bat barely misses you.
You hit the bat but do no damage. The bat barely misses you.
The bat hits you but does no damage.
You closely miss the bat. The bat hits you but does no damage. x2
The bat barely misses you. The bat hits you.
You miss the bat. The bat barely misses you.
The bat hits you but does no damage.
You miss the bat. You block the bat's attack.
The bat hits you but does no damage. x2
You barely miss the bat. You block the bat's attack.
The bat barely misses you. x3
You hit the bat.
The bat is moderately wounded.
The bat hits you but does no damage.
You closely miss the bat.
The bat is moderately wounded.
The bat hits you but does no damage. x3
You hit the bat.
The bat is severely wounded.
You block the bat's attack. The bat misses you. You block the bat's attack.
The bat closely misses you. You block the bat's attack.
The bat barely misses you.
A bat is nearby!
You hit the bat.
You kill the bat!
No target in view!
No target in view!
No target in view!
You see here a bat corpse.
Zot has found you!
You die...

#...###.....#.# #.#
#.#.###.##....###.#
#...............#.#
#..########.#.#.#.#
#..# ,*.#.....#
#..# * *,#.#..####
#..# *, #..# #..# ,
,#..# ##.# *, *
#.@# #.# , #..# #.#
,#..# #.# ,, ,#..#
#.##########..#
#...†...†.....#
###...........#
#############


There were no monsters in sight!

Vanquished Creatures
  A dart slug (D:1)
  4 endoplasms (D:1)
  A giant cockroach (D:1)
  2 goblins (D:1)
  2 hobgoblins (D:1)
  4 jackals (D:1)
  3 quokkas (D:1)
  2 ball pythons (D:1)
  5 bats (D:1)
  3 kobolds (D:1)
  2 rats (D:1)
29 creatures vanquished.

Notes
Turn   | Place    | Note
-------+----------+-------------------------------------------
     0 | D:1      | Patoropollo the Mayflytaur Fighter began the quest for the
                  | Orb.
     0 | D:1      | Reached XP level 1. HP: 21/21 MP: 2/2
    96 | D:1      | Glimpsed the power of Zot.
   119 | D:1      | Reached XP level 2. HP: 28/28 MP: 3/3
   349 | D:1      | Reached XP level 3. HP: 24/34 MP: 4/4
   441 | D:1      | Found Ronnoub's Armour Boutique.
   458 | D:1      | Reached skill level 1 in Dodging
   470 | D:1      | Glimpsed the power of Zot.
   565 | D:1      | Glimpsed the power of Zot.
   566 | D:1      | Tarried too long and was consumed by Zot

Illustrated notes

Levels and vault maps discovered:
D:1:      kennysheep_arrival_seaside, layout_basic, serial_shops,
          nicolae_shop_behind_doors, nicolae_shop_statue_plus,
          nicolae_shop_hallway_plus, nicolae_shop_waterfront, minivault_5

Skill      XL: |  1  2  3 |
---------------+----------+-----
Maces & Flails | 3 |  3.2
Dodging        | 1 |  1.0
Fighting       | |  3.6
Armour         | |  3.6
Shields        | |  3.6

Action                   || total
-------------------------++-------
Melee: Flail             ||   120
Armor: Scale mail        ||    68
Dodge: Dodged            ||    78
Block: Buckler           ||    37

Table legend: (Time is in decaauts)
 A = Elapsed time spent in this place.
 B = Non-inter-level travel time spent in this place.
 C = Inter-level travel time spent in this place.
 D = Time resting spent in this place.
 E = Time spent auto-exploring this place.
 F = Levels seen in this place.
 G = Mean time per level.
                   A        B        C        D        E       F      G
               +--------+--------+--------+--------+--------+-----+--------+
         Total |    599 |    599 |      0 |      0 |    358 |   1 |  599.0 |
       Dungeon |    599 |    599 |      0 |      0 |    358 |   1 |  599.0 |
               +--------+--------+--------+--------+--------+-----+--------+

Top non-repeatable levels by time:
     D:1: 599 daAuts
